 Dungeon Crawl Stone Soup version 0.32-a0-450-g080537f31e (webtiles) character file.

Game seed: 3242232476029071716

32 Aneyh the Slasher (level 3, 0/23 HPs)
             Began as a Tengu Monk on Feb 23, 2024.
             Slain by a gnoll
             ... wielding a +0 club
              (3 damage)
             ... on level 1 of the Dungeon.
             The game lasted 00:02:44 (1165 turns).

Aneyh the Slasher (Tengu Monk)                      Turns: 1165, Time: 00:02:44

Health: 0/23       AC: 10    Str: 11    XL:     3   Next: 25%
Magic:  4/4        EV:  6    Int: 10    God:
Gold:   125        SH:  0    Dex: 18    Spells: 2/2 levels left

rFire   . . .        a - +0 falchion
rCold   . . .        (no shield)
rNeg    . . .        b - +0 chain mail
rPois   .            (helmet restricted)
rElec   .            (no cloak)
rCorr   .            k - +1 pair of gloves
SInv    .            (boots unavailable)
Will    .....        (no amulet) Stlth
                     (no ring)
HPRegen 0.23/turn    (no ring)
MPRegen 0.09/turn

%: acrobat
@: confused, ambrosia-drunk
A: beak, talons 3, acrobatic
a: no special abilities


You were on level 1 of the Dungeon.
You visited 1 branch of the dungeon, and saw 2 of its levels.

You collected 125 gold pieces.

Inventory:

Hand Weapons
 a - a +0 falchion (weapon)
Armour
 b - a +0 chain mail (worn)
 d - an orb of light
 g - a +0 ring mail
 k - a +1 pair of gloves (worn)
Jewellery
 l - a ring of fire
 p - an amulet of faith
Scrolls
 f - 2 scrolls of teleportation {unknown}
 h - a scroll of fog {unknown}
 i - a scroll of summoning {unknown}
 j - a scroll of brand weapon {unknown}
 m - a scroll of immolation {unknown}
 n - a scroll of noise {unknown}
 o - a scroll of identify {unknown}
Potions
 e - a potion of curing {unknown}


   Skills:
 + Level 3.3 Fighting
 + Level 4.0 Long Blades
 + Level 3.7 Dodging


You had 2 spell levels left.
You didn't know any spells.
Your spell library contained the following spells:

 Spells                   Type           Power      Damage    Failure   Level
 Summon Small Mammal      Summ           0%         N/A       100%        1
 Call Canine Familiar     Summ           0%         N/A       100%        3
 Summon Blazeheart Golem  Fire/Summ      0%         N/A       100%        4
 Conjure Ball Lightning   Conj/Air       0%         3x3d6     100%        6
 Discord                  Hex            0%         N/A       100%        8
 Disjunction              Tloc           0%         N/A       100%        8


Dungeon Overview and Level Annotations

Branches:
Dungeon (2/15)

Altars:


Innate Abilities, Weirdness & Mutations

You have a beak for a mouth.
You have claws for feet.
You can magically evade attacks while moving or waiting.


Message History

The gnoll attacks as it pursues you! The gnoll completely misses you.
The gnoll attacks as it pursues you! The gnoll completely misses you.
The gnoll attacks as it pursues you! The gnoll misses you.
The gnoll attacks as it pursues you! The gnoll hits you but does no damage.
The gnoll attacks as it pursues you! The gnoll closely misses you.
The gnoll attacks as it pursues you! The gnoll closely misses you.
The gnoll attacks as it pursues you! The gnoll hits you but does no damage.
There is a stone staircase leading up here.
The gnoll closely misses you. The gnoll closely misses you.
The gnoll misses you. The gnoll closely misses you.
The gnoll barely misses you. The gnoll closely misses you.
The gnoll attacks as it pursues you! The gnoll completely misses you.
The gnoll hits you but does no damage. The gnoll hits you with a +0 spear.
There is a stone staircase leading up here.
The gnoll barely misses you.
The gnoll hits you from afar with a +0 spear.
The gnoll barely misses you.
You climb upwards.
There is a stone staircase leading down here.
You closely miss the gnoll. The gnoll hits you with a +0 club.
The gnoll hits you but does no damage.
You barely miss the gnoll. The gnoll hits you but does no damage.
The gnoll hits you with a +0 spear.
You hit the gnoll.
The gnoll is moderately wounded.
The gnoll hits you but does no damage. The gnoll barely misses you.
The gnoll barely misses you. x2
The gnoll attacks as it pursues you! The gnoll hits you but does no damage.
You barely miss the gnoll. You claw the gnoll, but do no damage.
The gnoll is moderately wounded.
The gnoll hits you with a +0 club. The gnoll hits you but does no damage.
The gnoll hits you with a +0 club.
* * * LOW HITPOINT WARNING * * *
You are confused.
You feel invigorated.
The gnoll hits you from afar with a +0 spear.
* * * LOW HITPOINT WARNING * * *
The gnoll hits you with a +0 club.
You die...

..#...........#.........#
.............#.#..#.....#
#.###........#.#..#.....#######
#.###.............##..........#
♣.##......##.#...###..........#
♣♣##.......#.###.#............#
~~♣♣....#÷...# #.#.#..........#
~P♣♣........## #.#.#..........#
~~♣~.#..#...####@#.....)......#
~~~♣♣#.##.....##g#.##.###.#####
~P~~............g..#......# #.#
~~♣♣♣......#....[..#..##### #.#
~~~~~......#....#.##..# #.#
≈P~~~♣.....#..###.##..##### #.###
≈~♣~P♣.....#.># ####..†...# #....
≈≈~~♣♣........######..#.#.# #.##.
≈≈~~~..#####......##..#.#.###.##.


You could see 2 gnolls.

Vanquished Creatures
  A dart slug (D:1)
  4 endoplasms
  2 giant cockroaches
  A goblin (D:2)
  6 hobgoblins
  3 quokkas
  3 ball pythons (D:2)
  A bat (D:1)
  A frilled lizard (D:1)
  A kobold (D:1)
  4 rats
27 creatures vanquished.

Notes
Turn   | Place    | Note
-------+----------+-------------------------------------------
     0 | D:1      | Aneyh the Tengu Monk began the quest for the Orb.
     0 | D:1      | Reached XP level 1. HP: 14/14 MP: 2/2
   185 | D:1      | Reached XP level 2. HP: 17/19 MP: 3/3
  1032 | D:2      | Reached XP level 3. HP: 23/23 MP: 4/4
  1087 | D:2      | Reached skill level 4 in Long Blades
  1165 | D:1      | Slain by a gnoll

Illustrated notes

Levels and vault maps discovered:
D:1:      elethiomel_arrival_infinity_welcomes_careful_drivers, layout_basic,
          serial_glass, glass_columns_a, glass_columns_a, serial_bayou_lake_a
D:2:      minmay_chambers_of_ones, layout_loops_ring, minmay_splitting_lines,
          corexii_leaking_fountain, minmay_pentomino_pile

Skill      XL: |  1  2  3 |
---------------+----------+-----
Long Blades    | 4 |  4.0
Fighting       | |  3.3
Dodging        | |  3.7

Action                     || total
---------------------------++-------
  Melee: Falchion          ||    56
         Peck              ||     7
         Kick              ||     8
    Use: Potion            ||     1
 Armour: Ring mail         ||     9
         Chain mail        ||    25
  Dodge: Dodged            ||    46

Table legend: (Time is in decaauts)
 A = Elapsed time spent in this place.
 B = Non-inter-level travel time spent in this place.
 C = Inter-level travel time spent in this place.
 D = Time resting spent in this place.
 E = Time spent auto-exploring this place.
 F = Levels seen in this place.
 G = Mean time per level.
                   A        B        C        D        E       F      G
               +--------+--------+--------+--------+--------+-----+--------+
         Total |   1188 |   1166 |     22 |    100 |    698 |   2 |  594.0 |
       Dungeon |   1188 |   1166 |     22 |    100 |    698 |   2 |  594.0 |
               +--------+--------+--------+--------+--------+-----+--------+

Top non-repeatable levels by time:
     D:1: 866 daAuts
     D:2: 322 daAuts
